 Dungeon Crawl Stone Soup version 0.19.1 (webtiles) character file.

0 grisgris the Ducker (level 1, -2/11 HPs)
             Began as a Spriggan Abyssal Knight on Nov 24, 2016.
             Was a Follower of Lugonu.
             Slain by an ufetubus (3 damage)
             ... summoned by a ynoxinul
             ... on level 1 of the Abyss.
             The game lasted 00:02:01 (354 turns).

grisgris the Ducker (Spriggan Abyssal Knight)        Turns: 354, Time: 00:02:02

Health: -2/11      AC:  2    Str:  8      XL:     1   Next: 0%
Magic:  3/3        EV: 18    Int: 12 (13) God:    Lugonu [*.....]
Gold:   14         SH:  0    Dex: 14 (15) Spells: 0 memorised, 0 levels left

rFire  . . .     SeeInvis +     a - +1 short sword
rCold  . . .     Gourm    .     b - +0 robe
rNeg   . . .     Faith    .     (shield restricted)
rPois  .         Spirit   .     (helmet restricted)
rElec  .         Reflect  .     (no cloak)
rCorr  .         Harm     .     (gloves unavailable)
MR     .....                    (boots unavailable)
Stlth  +.........               (no amulet)
                                (no ring)
                                (no ring)

@: non-regenerating, diseased, very quick
A: unfitting armour, see invisible, deterioration 1, herbivore 3, speed 3, slow
metabolism 2
a: Depart the Abyss, Renounce Religion


You were on level 1 of the Abyss.
You worshipped Lugonu.
Lugonu was aware of your devotion.
You were not hungry.

You visited 0 branches of the dungeon, and saw 0 of its levels.
You visited the Abyss 1 time.

You collected 14 gold pieces.

Inventory:

Hand Weapons
 a - a +1 short sword (weapon)
Armour
 b - a +0 robe (worn)
Potions
 d - a potion of resistance {unknown}
 e - 2 potions of degeneration {unknown}
Comestibles
 c - a bread ration


   Skills:
 + Level 2.4 Fighting
 + Level 2.1 Short Blades
 + Level 3.5 Dodging
 + Level 1.7 Invocations


You couldn't memorise any spells.
You didn't know any spells.

Dungeon Overview and Level Annotations

Branches:
Dungeon (0/15)

Altars:


Innate Abilities, Weirdness & Mutations

You are very small and have problems with some larger weapons.
You are too small for most types of armour.
You have supernaturally acute eyesight. (SInv)
You are a herbivore.
You cover ground extremely quickly.
You need consume almost no food.
Your body sometimes deteriorates upon taking damage.


Message History

2 starspawn tentacles come into view.
The neqoxec gestures at you.
Strange energies course through your body.
You feel yourself wasting away.
A ynoxinul comes into view.
The ynoxinul bellows!
A tentacle flies out from the starspawn's body!
The ynoxinul gestures.
A starspawn tentacle comes into view.
You barely miss the ufetubus. The ufetubus hits you.
The ufetubus closely misses you.
The ynoxinul gestures.
The neqoxec gestures at you.
You feel dopey. Something feeds on your intellect!
You hit the ufetubus but do no damage. The ufetubus hits you.
* * * LOW HITPOINT WARNING * * *
The ufetubus hits you but does no damage.
The ynoxinul gestures.
The ufetubus hits you.
You die...

### #####.##
#......# #
#.##..@#.#
#....#55.#
#..##.#.5# # #
#3......#53# # #
#..... .#55.
#..X....#....5.#
#.w..#..ยง.#..#.#
#...........##.
#w#.#.#......#


You could see a neqoxec, a ynoxinul and 7 ufetubi.

Vanquished Creatures (others)
  6 starspawn tentacles (Abyss:1)
6 creatures vanquished.

Notes
Turn   | Place    | Note
-------+----------+-------------------------------------------
     0 | Abyss:1  | grisgris the Spriggan Abyssal Knight began the quest for the Orb.
     0 | Abyss:1  | Reached XP level 1. HP: 11/11 MP: 3/3
    66 | Abyss:1  | Noticed a hell knight
    67 | Abyss:1  | Noticed a large abomination
    69 | Abyss:1  | Noticed a quasit
    94 | Abyss:1  | Noticed a large abomination
   145 | Abyss:1  | Noticed a large abomination
   148 | Abyss:1  | Noticed a kobold demonologist
   244 | Abyss:1  | Noticed a small abomination
   272 | Abyss:1  | Noticed an ancient zyme
   282 | Abyss:1  | Noticed an ancient zyme
   303 | Abyss:1  | Noticed a hellwing
   326 | Abyss:1  | Noticed a raiju
   335 | Abyss:1  | Noticed a tentacled starspawn
   344 | Abyss:1  | Noticed a neqoxec
   346 | Abyss:1  | Gained mutation: Your body sometimes deteriorates upon taking damage. [a neqoxec]
   349 | Abyss:1  | Noticed a ynoxinul
   354 | Abyss:1  | Slain by an ufetubus

Action                   || total
-------------------------++-------
Melee: Short sword       ||     4
 Stab: Distracted        ||     1
Armor: Robe              ||     1
Dodge: Dodged            ||    15
